 Dungeon Crawl Stone Soup version 0.19.1-1-g22dce08 (webtiles) character file.

94 ponk the Poker (level 4, -3/35 HPs)
             Began as a Demonspawn Abyssal Knight on Jan 18, 2017.
             Was a Believer of Lugonu.
             Killed from afar by loralnil's ghost (7 damage)
             ... with a spray of energy
             ... on level 3 of the Dungeon.
             The game lasted 00:09:13 (1973 turns).

ponk the Poker (Demonspawn Abyssal Knight)          Turns: 1973, Time: 00:09:15

Health: -3/35      AC: 12    Str: 13    XL:     4   Next: 38%
Magic:  0/5        EV:  3    Int: 13    God:    Lugonu [**....]
Gold:   124        SH:  0    Dex: 13    Spells: 0 memorised, 3 levels left

rFire  . . .     SeeInvis .     a - +1 spear
rCold  + . .     Gourm    .     j - +0 plate armour
rNeg   . . .     Faith    .     (no shield)
rPois  .         Spirit   +     (no helmet)
rElec  .         Reflect  .     (no cloak)
rCorr  .         Harm     .     (no gloves)
MR     .....                    (no boots)
Stlth  ..........               i - amulet of magic regeneration
                                (no ring)
                                l - ring of protection from cold

@: confused
A: iridescent scales 1, magic shield, rot immunity
a: Depart the Abyss, Bend Space, Renounce Religion


You were on level 3 of the Dungeon.
You worshipped Lugonu.
Lugonu was pleased with you.
You were hungry.

You visited 1 branch of the dungeon, and saw 3 of its levels.
You visited the Abyss 1 time.

You collected 124 gold pieces.

Inventory:

Hand Weapons
 a - a +1 spear (weapon)
Armour
 j - a +0 plate armour (worn)
Jewellery
 i - an amulet of magic regeneration (around neck)
 l - a ring of protection from cold (left hand)
 n - an uncursed amulet of magic regeneration
Scrolls
 b - a scroll of teleportation
 h - 2 scrolls of remove curse
 m - 2 scrolls of enchant weapon {unknown}
 r - 2 scrolls of magic mapping {unknown}
 s - a scroll of fog {unknown}
Potions
 e - a potion of brilliance
 q - 2 potions of mutation
Comestibles
 c - 2 bread rations
 d - 5 chunks of flesh
 f - a slice of pizza
 k - 2 meat rations
 p - a beef jerky


   Skills:
 - Level 3.3 Fighting
 + Level 3.9 Polearms
 - Level 2.0 Armour
 - Level 0.8 Dodging
 - Level 2.4 Invocations


You had 3 spell levels left.
You didn't know any spells.

Dungeon Overview and Level Annotations

Branches:
Dungeon (3/15)

Altars:
Ashenzari
Makhleb

Annotations:
D:3 loralnil's ghost, amateur DECj


Innate Abilities, Weirdness & Mutations

You are partially covered in iridescent scales. (AC +2)
When hurt, damage is shared between your health and your magic reserves.
You are immune to rotting.


Message History

You're too confused!
Loralnil's ghost hits you but does no damage.
Energy condenses in front of loralnil's ghost, but quickly dissipates.
Found a dark potion.
You bump into the rock wall.
Loralnil's ghost hits you but does no damage.
You bump into the rock wall.
Loralnil's ghost points at you and mumbles some strange words.
The spray of energy hits you!
* * * LOW HITPOINT WARNING * * *
You are more confused.
Loralnil's ghost hits you but does no damage.
You miss loralnil's ghost.
Loralnil's ghost is moderately damaged.
Loralnil's ghost gestures at you while chanting.
The spray of energy hits you!
Loralnil's ghost hits you but does no damage.
Loralnil's ghost points at you and mumbles some strange words.
The spray of energy hits you!
You die...

...)...##.....#
###....##.....#
(##.######.##.####
.................#
..#####.#...######
........#...###############
..........................!
#+#####.#..#.##.....#)####
...........#.##.@...#
.....##.##.#..#.W...#+##
.....##.##.##.#........#
.....##....##............
.....#########...........#
.....# #.<........#.#..#
###.## #.....###.......#
#.######......####..#..#
###.#.....#+###.# ..##.


You could see loralnil's ghost.

Vanquished Creatures
  3 gnolls (D:2)
  5 worms
  A dart slug (D:1)
  An orc (D:2)
  2 giant cockroaches
  6 goblins
  4 hobgoblins
  3 jackals (D:3)
  A quokka (D:2)
  6 bats
  3 frilled lizards
  8 kobolds
  8 rats
51 creatures vanquished.

Notes
Turn   | Place    | Note
-------+----------+-------------------------------------------
     0 | Abyss:1  | ponk the Demonspawn Abyssal Knight began the quest for the Orb.
     0 | Abyss:1  | Reached XP level 1. HP: 18/18 MP: 2/2
    57 | Abyss:1  | Noticed a lich
    60 | D:1      | Escaped the Abyss
   221 | D:1      | Reached * piety under Lugonu
   223 | D:1      | Gained mutation: You are immune to rotting. [demonic ancestry]
   223 | D:1      | Reached XP level 2. HP: 22/24 MP: 3/3
  1042 | D:2      | Found a faded altar of an unknown god.
  1042 | D:2      | Found a faded altar of an unknown god.
  1049 | D:2      | Gained mutation: When hurt, damage is shared between your health and your magic reserves. [demonic ancestry]
  1049 | D:2      | Reached XP level 3. HP: 25/29 MP: 4/4
  1052 | D:2      | Found a faded altar of an unknown god.
  1068 | D:2      | Found a faded altar of an unknown god.
  1069 | D:2      | Found a burning altar of Makhleb.
  1137 | D:2      | Found a shattered altar of Ashenzari.
  1474 | D:2      | Reached ** piety under Lugonu
  1594 | D:2      | Gained mutation: You are partially covered in iridescent scales. (AC +2) [demonic ancestry]
  1594 | D:2      | Reached XP level 4. HP: 13/35 MP: 5/5
  1894 | D:3      | Noticed loralnil's ghost (amateur DECj)
  1973 | D:3      | Killed from afar by loralnil's ghost

Skill      XL: |  1  2  3 |
---------------+----------+-----
Armour         | 2 |  2.0
Polearms       | 2 3 |  3.9
Fighting       | |  3.3
Dodging        | |  0.8
Invocations    | |  2.4

Action                   |  1- 3 |  4- 6 || total
-------------------------+-------+-------++-------
Melee: Spear             |   168 |    97 ||   265
Invok: Depart the Abyss  |     1 |       ||     1
       Bend Space        |       |     1 ||     1
  Use: Scroll            |     5 |     2 ||     7
       Potion            |     1 |     2 ||     3
  Eat: Chunk             |     2 |     1 ||     3
Armor: Chain mail        |    42 |       ||    42
       Plate armour      |    19 |    57 ||    76
Dodge: Dodged            |    24 |     9 ||    33
